 Dungeon Crawl Stone Soup version 0.27-a0-972-gd1521fd518 (webtiles) character file.

Game seed: 6808056791787680091

100 kae the Ruffian (level 4, 0/36 HPs)
             Began as a Draconian Transmuter on Apr 13, 2021.
             Slain by a hobgoblin (1 damage)
             ... on level 3 of the Dungeon.
             The game lasted 00:02:08 (3571 turns).

kae the Ruffian (Draconian Transmuter)              Turns: 3571, Time: 00:02:08

Health: 0/36       AC:  5    Str: 14    XL:     4   Next: 47%
Magic:  4/7        EV: 12    Int: 13    God:
Gold:   75         SH:  0    Dex: 11    Spells: 3/7 levels left

rFire    . . .     SeeInvis .   b - +0 spear
rCold    . . .     Faith    .   (no shield)
rNeg     . . .     Spirit   .   (armour unavailable)
rPois    .         Reflect  .   (helmet restricted)
rElec    .         Harm     .   (no cloak)
rCorr    .         Rampage  .   (no gloves)
Will     .....                  (no boots)
Stlth    ++........             a - amulet of magic regeneration
HPRegen  0.12/turn              c - +4 ring of slaying
MPRegen  0.35/turn              (no ring)

@: very slightly contaminated, hasted, very quick
A: AC +5, unfitting armour, cold-blooded
a: no special abilities


You were on level 3 of the Dungeon.
You visited 1 branch of the dungeon, and saw 4 of its levels.

You collected 75 gold pieces.

Inventory:

Hand Weapons
 b - a +0 spear (weapon)
Jewellery
 a - an amulet of magic regeneration (around neck)
 c - a +4 ring of slaying (left hand)
Wands
 f - a wand of charming (5)
 j - a wand of flame (17)
Scrolls
 l - a scroll of magic mapping
Potions
 e - a potion of mutation
 h - a potion of haste
 k - a potion of cancellation {unknown}
 m - a potion of magic {unknown}
 n - a potion of lignification {unknown}


   Skills:
 + Level 1.8 Fighting
 + Level 2.1 Dodging
 + Level 1.2 Stealth
 * Level 3.7 Unarmed Combat
 + Level 2.3 Spellcasting
 * Level 2.7 Transmutations
 * Level 0.6 Poison Magic


You had 3 spell levels left.
You knew the following spells:

 Your Spells              Type           Power      Damage    Failure   Level
a - Beastly Appendage     Tmut           16%        N/A       8%          1
b - Spider Form           Tmut/Pois      3%         N/A       36%         3

Your spell library contained the following spells:

 Spells                   Type           Power      Damage    Failure   Level
 Wereblood                Tmut           8%         N/A       12%         2
 Confusing Touch          Hex            1%         N/A       58%         3
 Gell's Gravitas          Tloc           0%         N/A       58%         3
 Ice Form                 Ice/Tmut       5%         N/A       80%         4
 Petrify                  Tmut/Erth      5%         N/A       80%         4
 Hydra Form               Tmut           4%         N/A       91%         5
 Yara's Violent Unravell  Hex/Tmut       2%         3d3       98%         5
 Metabolic Englaciation   Hex/Ice        0%         N/A       100%        5


Dungeon Overview and Level Annotations

Branches:
Dungeon (4/15)
 Temple: D:4-7

Altars:
The Shining One


Innate Abilities, Weirdness & Mutations

Your plain brown scales are hard. (AC +5)
You cannot fit into any form of body armour.
You are cold-blooded and may be slowed by cold attacks.


Message History

[Y]es or [N]o only, please.
The spell is quite dangerous to cast (36% risk of failure)!
Continue anyway?
You miscast Spider Form.
Nothing appears to happen.
The orc priest hits you with a +0 flail!
The hobgoblin closely misses you.
It was a potion of haste.
You feel yourself speed up.
The orc priest mumbles some strange prayers to Beogh against you.
Beogh smites you!
* * * LOW HITPOINT WARNING * * *
The hobgoblin hits you.
* * * LOW HITPOINT WARNING * * *
It was a potion of heal wounds.
You feel much better.
The orc priest hits you with a +0 flail.
The hobgoblin misses you.
You feel much better.
The orc priest hits you with a +0 flail!
Okay, then.
You hit the orc priest but do no damage.
The hobgoblin hits you.
You hit the orc priest.
The orc priest is moderately wounded.
The orc priest hits you with a +0 flail!
The hobgoblin hits you but does no damage.
You barely miss the orc priest.
The orc priest is moderately wounded.
The orc priest hits you with a +0 flail!
The hobgoblin closely misses you.
You barely miss the orc priest.
The orc priest is moderately wounded.
The orc priest hits you with a +0 flail.
* * * LOW HITPOINT WARNING * * *
You barely miss the orc priest. You tail-slap the orc priest.
The orc priest is heavily wounded.
The hobgoblin closely misses you.
The orc priest hits you with a +0 flail!
* * * LOW HITPOINT WARNING * * *
You hit the orc priest.
Your tail-slap misses the orc priest.
The orc priest is severely wounded.
The hobgoblin hits you.
You die...

#################
#..........†....#
#[#############.## #.#### #...
#....# #### #.##.# #g##.###
######## #@##.#.## ** #......#
#o##.#..# ,**######.# #.##.#.P#
,,*#.## #.# #.##.#PP##########
####..###.######.##.#.P#.........
.......##...........#.P#########.
#.......########..#.#P##.........
.........# ###....############.
#........# #......####....# #.


You could see an orc priest and a hobgoblin.

Vanquished Creatures
  A gnoll (D:1)
  3 adders
  2 worms
  A dart slug (D:3)
  4 bats
  5 endoplasms
  2 giant cockroaches
  7 goblins
  3 hobgoblins
  4 quokkas
  9 ball pythons
  4 frilled lizards
  3 kobolds
  8 rats
56 creatures vanquished.

Vanquished Creatures (others)
  An endoplasm (D:1)
  5 toadstools (D:1)
6 creatures vanquished.

Grand Total: 62 creatures vanquished

Notes
Turn   | Place    | Note
-------+----------+-------------------------------------------
     0 | D:1      | kae the Draconian Transmuter began the quest for the Orb.
     0 | D:1      | Reached XP level 1. HP: 16/16 MP: 3/3
   103 | D:1      | Found a faded altar of an unknown god.
   254 | D:1      | Reached XP level 2. HP: 23/23 MP: 3/5
   692 | D:2      | Reached XP level 3. HP: 28/28 MP: 6/6
   704 | D:2      | Learned a level 3 spell: Spider Form
  1202 | D:1      | Reached skill level 1 in Stealth
  1729 | D:1      | Reached XP level 4. HP: 36/36 MP: 5/7
  2107 | D:2      | Found a glowing golden altar of the Shining One.
  3267 | D:4      | HP: 1/36 [cloud of flame (17)]
  3570 | D:3      | HP: 1/36 [orc priest/+0 flail (9)]
  3571 | D:3      | Slain by a hobgoblin

Illustrated notes

Levels and vault maps discovered:
D:1:      ldierk_walled_garden, layout_basic, chequers_ecumenical_altar_simple,
          lemuel_flame_loot_1
D:2:      layout_loops_cross, basic_altar
D:3:      layout_loops_ring, serial_aquarium, aquarium_bridge_square
          [aquarium_subvault_bridge, aquarium_subvault_window,
          aquarium_subvault_wall, aquarium_subvault_bridge],
          aquarium_bridge_long_joined [aquarium_subvault_window,
          aquarium_subvault_bridge, aquarium_subvault_wall,
          aquarium_subvault_bridge, aquarium_subvault_window,
          aquarium_subvault_bridge], aquarium_window_2, aquarium_window_1,
          aquarium_window_fake, aquarium_window_1, aquarium_view_2c,
          aquarium_pool_corner
D:4:      layout_gridville, chequers_arboretum

Skill      XL: |  1  2  3 |
---------------+----------+-----
Dodging        | 2 |  2.1
Stealth        | 1 |  1.2
Fighting       | |  1.8
Unarmed Combat | |  3.7
Spellcasting   | |  2.3
Transmutations | |  2.7
Poison Magic   | |  0.6

Action                   |  1- 3 |  4- 6 || total
-------------------------+-------+-------++-------
Melee: Unarmed           |    18 |       ||    18
       Spear             |   103 |    61 ||   164
       Kick              |    16 |     7 ||    23
       Headbutt          |     4 |     3 ||     7
       Tailslap          |     9 |     2 ||    11
 Cast: Beastly Appendage |    19 |    13 ||    32
       Spider Form       |     1 |       ||     1
  Use: Scroll            |       |     7 ||     7
       Potion            |       |     3 ||     3
 Stab: Sleeping          |     3 |     1 ||     4
Armor: Skin              |    38 |    16 ||    54
Dodge: Dodged            |    74 |    27 ||   101

Table legend: (Time is in decaauts)
 A = Elapsed time spent in this place.
 B = Non-inter-level travel time spent in this place.
 C = Inter-level travel time spent in this place.
 D = Time resting spent in this place.
 E = Time spent auto-exploring this place.
 F = Levels seen in this place.
 G = Mean time per level.
                   A        B        C        D        E       F      G
               +--------+--------+--------+--------+--------+-----+--------+
         Total |   3584 |   3483 |    101 |    297 |   2701 |   4 |  896.0 |
       Dungeon |   3584 |   3483 |    101 |    297 |   2701 |   4 |  896.0 |
               +--------+--------+--------+--------+--------+-----+--------+

Top non-repeatable levels by time:
     D:1: 1355 daAuts
     D:3: 1168 daAuts
     D:2: 1049 daAuts
     D:4: 12 daAuts
